 Dungeon Crawl Stone Soup version 0.15-a0-413-gc6111ba (webtiles) character file.

292 4tharraofdagon the Ruffian (level 6, -2/57 HPs)
             Began as a Naga Monk on May 5, 2014.
             Killed by divine providence
             ... invoked by an orc priest
              (14 damage)
             ... on Level 5 of the Dungeon.
             The game lasted 00:05:00 (762 turns).

4tharraofdagon the Ruffian (Naga Monk)               Turns: 762, Time: 00:05:00

HP  -2/57        AC  3     Str 16      XL: 6   Next: 25%
MP   6/6         EV 11     Int 10      God:
Gold 16          SH  0     Dex 13      Spells:  0 memorised,  5 levels left

rFire  . . .     SeeInvis +       - Unarmed
rCold  . . .     Clarity  .     a - +0 robe (curse)
rNeg   . . .     Conserve .     (no shield)
rPois  +         rCorr    .     (no helmet)
rElec  .         rRot     .     (no cloak)
SustAb . .       Spirit   .     (no gloves)
rMut   .         Warding  .     (no barding)
Saprov . . .     Stasis   .     (no amulet)
MR     .....                    (no ring)
                                (no ring)

@: very slow, not resistant to hostile enchantments, fairly stealthy
A: spit poison, see invisible, deformed body, poison resistance, slowness 2, AC
+2
a: Spit Poison


You were on level 5 of the Dungeon.
You were hungry.

You visited 2 branches of the dungeon, and saw 6 of its levels.

You collected 16 gold pieces.

Inventory:

Armour
 a - a cursed +0 robe (worn)
 g - a +0 scale mail
Comestibles
 b - 2 bread rations
Scrolls
 c - a scroll of noise {unknown}
 d - a scroll of amnesia {unknown}
 e - 2 scrolls of identify {unknown}


   Skills:
 + Level 3.9 Fighting
 + Level 3.3 Dodging
 + Level 5.2 Stealth
 * Level 5.5 Unarmed Combat


You had 5 spell levels left.
You didn't know any spells.

Dungeon Overview and Level Annotations

Branches:
Dungeon (5/15)             Temple (1/1) D:4

Altars:
Dithmenos
Fedhas
Kikubaaqudgha
Okawaru
Sif Muna
Yredelemnul
Zin

Annotations:
D:4 Prince Ribbit


Innate Abilities, Weirdness & Mutations

You cannot wear boots.
You can spit poison.
Your serpentine skin is tough (AC +2).
You have supernaturally acute eyesight.
Armour fits poorly on your strangely shaped body.
Your system is resistant to poisons.
You cover ground very slowly.


Message History

You hit the rat but do no damage. The rat bites you.
* * * LOW HITPOINT WARNING * * *
You barely miss the rat. The rat misses you.
You hit the rat.
You kill the rat!
Found a stone staircase leading down.
There is a stone staircase leading down here.
You climb downwards.
A ball python comes into view.
There is a stone staircase leading up here.
The helpless ball python fails to defend itself.
You hit the ball python.
You kill the ball python!
Found 13 arrows.
An orc priest comes into view.
The orc priest mumbles some strange prayers to Beogh.
You feel a wave of unholy energy pass over you.
The orc priest invokes the aid of Beogh against you.
Something smites you!
You die...

.o. .(# ..#
##.# ..# #.#
#.# #.# #@#
#.############
#.....<......#
############.#


You could see an orc priest.

Vanquished Creatures
  Menkaure (D:4)
  A scorpion (D:4)
  3 worker ants (D:4)
  2 adders
  An adder skeleton (D:4)
  A giant cockroach (D:4)
  3 ball pythons
  4 bats
  3 goblins
  4 jackals (D:4)
  2 kobolds
  5 rats
30 creatures vanquished.

Notes
Turn   | Place    | Note
--------------------------------------------------------------
     0 | D:1      | 4tharraofdagon, the Naga Monk, began the quest for the Orb.
     0 | D:1      | Reached XP level 1. HP: 21/21 MP: 1/1
   103 | D:2      | Reached XP level 2. HP: 17/28 MP: 2/2
   291 | D:4      | Found a blossoming altar of Fedhas.
   291 | D:4      | Noticed a centaur
   310 | D:4      | Reached XP level 3. HP: 25/34 MP: 3/3
   322 | D:4      | Noticed Prince Ribbit
   355 | D:4      | Found a staircase to the Ecumenical Temple.
   415 | D:4      | Reached XP level 4. HP: 42/42 MP: 4/4
   425 | D:4      | Noticed a black bear
   484 | D:4      | Noticed a scorpion
   496 | D:4      | Killed a scorpion
   496 | D:4      | Reached skill level 5 in Unarmed Combat
   496 | D:4      | Reached XP level 5. HP: 24/49 MP: 5/5
   555 | Temple   | Entered the Ecumenical Temple
   571 | Temple   | haha WTF
   575 | Temple   | lets die because no god
   698 | D:4      | Noticed Menkaure
   699 | D:4      | Found a sand-covered staircase.
   715 | D:4      | Killed Menkaure
   715 | D:4      | Reached skill level 5 in Stealth
   715 | D:4      | Reached XP level 6. HP: 7/57 MP: 6/6
   720 | D:4      | ROTFL
   751 | D:5      | Entered Level 5 of the Dungeon
   762 | D:5      | Killed from afar by an orc priest

Action                   |  1- 3 |  4- 6 || total
-------------------------+-------+-------++-------
Melee: Unarmed           |    22 |    47 ||    69
 Abil: Spit Poison       |    17 |     5 ||    22
  Use: Potion            |     2 |     1 ||     3
 Stab: Sleeping          |       |     1 ||     1
